 Dungeon Crawl Stone Soup version 0.17.0-24-gcfadda4 (console) character file.

198 Kloppie the Insei (level 5, -5/28 HPs)
             Began as a Vine Stalker Monk on Nov 16, 2015.
             Slain by Blork the orc
             ... wielding a +0 glaive
              (6 damage)
             ... on level 4 of the Dungeon.
             The game lasted 00:05:05 (1825 turns).

Kloppie the Insei (Vine Stalker Monk)               Turns: 1825, Time: 00:05:05

Health: -5/28      AC:  6    Str: 14    XL:     5   Next: 77%
Magic:  0/10       EV: 11    Int: 11    God:
Gold:   132        SH:  0    Dex: 16    Spells: 0 memorised, 10 levels left

rFire  . . .     SeeInvis .       - Unarmed
rCold  . . .     Clarity  .     s - +0 ring mail (curse)
rNeg   . . .     SustAt   .     (no shield)
rPois  .         Gourm    .     (no helmet)
rElec  .         Spirit   +     (no cloak)
rCorr  .         Warding  .     t - +0 pair of gloves
rMut   .         Stasis   .     (no boots)
MR     .....                    (no amulet)
Stlth  ++........               (no ring)
                                (no ring)

@: lethally poisoned (-5 -> -7), not resistant to hostile enchantments,
unstealthy
A: fangs 2, regeneration 1, magic shield, antimagic bite, no device heal 3, rot
immunity
a: no special abilities


You were on level 4 of the Dungeon.
You were not hungry.

You visited 1 branch of the dungeon, and saw 4 of its levels.

You collected 132 gold pieces.

Inventory:

Hand Weapons
 x - a +0 blowgun
Missiles
 r - 2 curare-tipped needles
 y - 11 poisoned needles
Armour
 a - a +0 robe
 s - a cursed +0 ring mail (worn)
 t - a +0 pair of gloves (worn)
Jewellery
 d - a +2 ring of evasion {unknown}
 h - an uncursed ring of poison resistance {unknown}
Scrolls
 j - 2 scrolls of fear {unknown}
 k - a scroll of amnesia {unknown}
 l - 5 scrolls of remove curse {unknown}
 n - 2 scrolls of teleportation {unknown}
 o - a scroll of recharging {unknown}
 p - a scroll of random uselessness {unknown}
 q - 3 scrolls of identify {unknown}
 v - a scroll of blinking {unknown}
 w - a scroll of enchant armour {unknown}
Potions
 c - 3 potions of heal wounds {unknown}
 e - a potion of resistance {unknown}
 f - 2 potions of invisibility {unknown}
 i - 2 potions of cure mutation {unknown}
 m - a potion of haste {unknown}
 u - a potion of poison {unknown}
 B - a potion of berserk rage {unknown}
Comestibles
 b - 5 bread rations
 g - a meat ration
 z - 2 fruits
 A - a chunk of flesh


   Skills:
 + Level 2.8 Fighting
 - Level 2.4 Dodging
 - Level 2.4 Stealth
 + Level 5.9 Unarmed Combat
 - Level 3.0 Spellcasting


You had 10 spell levels left.
You didn't know any spells.

Dungeon Overview and Level Annotations

Branches:
Dungeon (4/15)
 Temple: D:4-7

Altars:
Nemelex Xobeh

Annotations:
D:4 Blork the orc


Innate Abilities, Weirdness & Mutations

You have extremely sharp teeth.
Your natural rate of healing is unusually fast.
When hurt, damage is shared between your health and your magic reserves.
Your bite disrupts and absorbs the magic of your enemies.
Potions and wands cannot restore your health.
You are immune to rotting.


Message History

The worker ant is moderately wounded.
The worker ant bites you.
* * * LOW HITPOINT WARNING * * *
You hit the worker ant but do no damage.
Your bite misses the worker ant.
The worker ant is moderately wounded.
The worker ant barely misses you.
Some of the chunks of flesh in your inventory have rotted away.
You hit the worker ant.
The worker ant is heavily wounded.
The worker ant bites you.
You hit the worker ant but do no damage.
You punch the worker ant, but do no damage.
You bite the worker ant, but do no damage.
The worker ant is heavily wounded.
The worker ant bites you.
* * * LOW HITPOINT WARNING * * *
You are lethally poisoned!
The worker ant poisons you! Something hits you!
You die...

#..............##
............####
............#
............#
............#
.........†.#
..........#
#......a..#
##.....@.##
........##
.####....##
####..## #
##..### ##
##...## ###.
###..## ####...
##..###...##.
##.....####.


You could see a worker ant.

Vanquished Creatures
  A hound (D:4)
  An iguana (D:4)
  2 worker ants (D:4)
  5 adders
  An ooze (D:2)
  An adder skeleton (D:4)
  2 worms
  2 orcs (D:4)
  3 bats
  A giant cockroach (D:1)
  2 goblins
  5 hobgoblins
  2 jackals (D:4)
  6 kobolds
  7 rats
41 creatures vanquished.

Notes
Turn   | Place    | Note
--------------------------------------------------------------
     0 | D:1      | Kloppie the Vine Stalker Monk began the quest for the Orb.
     0 | D:1      | Reached XP level 1. HP: 11/11 MP: 2/2
    76 | D:1      | Reached skill level 1 in Spellcasting
   119 | D:1      | Reached XP level 2. HP: 16/16 MP: 4/4
   516 | D:2      | Reached XP level 3. HP: 16/19 MP: 6/6
   670 | D:2      | Found a sparkling altar of Nemelex Xobeh.
  1347 | D:3      | Reached XP level 4. HP: 16/23 MP: 6/8
  1438 | D:4      | Reached skill level 5 in Unarmed Combat
  1509 | D:4      | Reached XP level 5. HP: 19/27 MP: 8/10
  1548 | D:4      | Found a sparkling altar of Nemelex Xobeh.
  1784 | D:4      | Noticed Blork the orc
  1825 | D:4      | HP: 1/28 [worker ant (1)]
  1825 | D:4      | Slain by Blork the orc

Action                   |  1- 3 |  4- 6 || total
-------------------------+-------+-------++-------
Melee: Unarmed           |   100 |    86 ||   186
 Stab: Sleeping          |     3 |     1 ||     4
  Eat: Chunk             |       |     2 ||     2
       Fruit             |       |     1 ||     1
